 Dungeon Crawl Stone Soup version 0.29-a0-923-g6e406bff71 (webtiles) character file.

Game seed: 4691318205920796009

2715 Destapler the Cleaver (level 9, -4/86 HPs)
             Began as a Hill Orc Berserker on July 28, 2022.
             Was an Elder of Trog.
             Slain by a skeletal warrior
             ... wielding a +0 halberd
              (14 damage)
             ... on level 7 of the Dungeon.
             The game lasted 00:23:05 (11256 turns).

Destapler the Cleaver (Hill Orc Berserker)         Turns: 11256, Time: 00:23:06

Health: -4/86      AC: 16    Str: 28    XL:     9   Next: 66%
Magic:  9/9        EV:  9    Int: 12    God:    Trog [****..]
Gold:   508        SH:  0    Dex:  9    Spells: 8/8 levels left

rFire   . . .      SeeInvis .   x - +0 battleaxe
rCold   + . .      Faith    +   (shield currently unavailable)
rNeg    . . .      Spirit   .   E - +3 chain mail {rC+}
rPois   .          Reflect  .   (helmet restricted)
rElec   .          Harm     .   (no cloak)
rCorr   .          Rampage  .   (no gloves)
Will    .....                   C - +2 pair of boots
Stlth   ..........              q - amulet of faith
HPRegen 0.24/turn               h - ring of flight
MPRegen 0.11/turn               b - +6 ring of intelligence

@: about to teleport, on berserk cooldown, flying, slowed, studying
Conjurations, very slow
A: antennae 1, talons 1, robust 1, strong 1, evolution 1
a: Renounce Religion, Berserk, Trog's Hand, Brothers in Arms


You were on level 7 of the Dungeon.
You worshipped Trog.
Trog was greatly pleased with you.
You visited 1 branch of the dungeon, and saw 7 of its levels.

You collected 508 gold pieces.

Inventory:

Hand Weapons
 a - a +1 hand axe
 x - a +0 battleaxe (weapon)
Missiles
 u - 3 boomerangs (quivered)
 w - 41 stones
 D - 6 poisoned darts
Armour
 v - a +2 robe of positive energy
 C - a +2 pair of boots (worn)
 E - a +3 chain mail of cold resistance (worn)
Jewellery
 b - a +6 ring of intelligence (right hand)
 h - a ring of flight (left hand)
 q - an amulet of faith (around neck)
Wands
 l - a wand of flame (50)
 n - a wand of mindburst (10)
 r - a wand of paralysis (12)
 t - a wand of roots (11)
Scrolls
 d - a scroll of fog
 f - 3 scrolls of enchant weapon
 i - 2 scrolls of blinking
 j - 4 scrolls of teleportation
 y - a scroll of torment {unknown}
 B - a scroll of amnesia {unknown}
 F - a scroll of immolation {unknown}
 G - 3 scrolls of identify
 H - a scroll of vulnerability {unknown}
Potions
 c - a potion of invisibility
 e - a potion of cancellation {unknown}
 g - a potion of brilliance {unknown}
 k - a potion of mutation
 m - 2 potions of attraction
 o - a potion of flight
 p - 2 potions of curing
 s - a potion of might
 z - a potion of resistance {unknown}
 A - a potion of haste


   Skills:
 + Level 7.4 Fighting
 + Level 8.3 Axes
 - Level 4.0 Throwing
 - Level 5.0 Armour
 - Level 3.0 Dodging
 - Level 3.0 Stealth
 - Level 5.0 Shields
 + Level 4.5 Evocations


You had 8 spell levels left.
You didn't know any spells.
Your spell library contained the following spells:

 Spells                   Type           Power      Damage    Failure   Level
 Fireball                 Conj/Fire      0%         3d3       100%        5
 Starburst                Conj/Fire      0%         6d3       100%        6
 Ignition                 Fire           0%         3d3       100%        8


Dungeon Overview and Level Annotations

Branches:
Dungeon (7/15)             Temple (0/1) D:7

Altars:
Fedhas
Kikubaaqudgha
Makhleb
Okawaru
Qazlal
Ru
Sif Muna
Trog
Wu Jian


Innate Abilities, Weirdness & Mutations

You have a pair of small antennae on your head.
You have sharp toenails.
You are robust. (+10% HP)
Your muscles are strong. (Str +4, Int/Dex -1)
You have hidden genetic potential.


Message History

The wraith hits you but does no damage.
You closely miss the wraith.
The wraith is heavily damaged.
You barely miss the black bear.
The skeletal warrior hits you but does no damage.
The black bear bites you.
* * * LOW HITPOINT WARNING * * *
The black bear claws you but does no damage.
The black bear closely misses you. The wraith hits you but does no damage.
You closely miss the wraith.
The wraith is heavily damaged.
You slash the black bear!
The skeletal warrior hits you from afar with a +0 halberd!
* * * LOW HITPOINT WARNING * * *
The black bear goes berserk!
The wraith closely misses you.
Unknown command.
You slash the wraith!
The wraith is severely damaged.
You closely miss the black bear.
You are no longer berserk.
You are exhausted.
You feel yourself slow down.
The black bear bites you but does no damage.
The black bear claws you but does no damage.
The black bear claws you.
* * * LOW HITPOINT WARNING * * *
The wraith hits you but does no damage.
The skeletal warrior hits you from afar with a +0 halberd.
* * * LOW HITPOINT WARNING * * *
As you read the scroll of teleportation, it crumbles to dust.
You feel strangely unstable. The black bear bites you.
* * * LOW HITPOINT WARNING * * *
The black bear claws you but does no damage.
The black bear closely misses you. The black bear bites you!
* * * LOW HITPOINT WARNING * * *
The black bear claws you but does no damage.
The black bear claws you.
* * * LOW HITPOINT WARNING * * *
The skeletal warrior hits you from afar with a +0 halberd!
You die...

#############+#
#..............
###..####..#.....
#..................#
#.#######.##.......#
#.#..##..#..#......#
#.#....#....#......#
#######
#.##.@####.##......#
......######.##h#W#
.##......###
......'......#.# #z#
#.#..†......
......######.## #.#
##.#.######
..>........'.# ##
#.......##
......######.#
#...###... ##...## #.#
.## #.#.# #..# ##...#
#.###.#######)#'###..#
.....#
#...........))...##...


You could see a skeletal warrior, a wraith and a black bear (berserk).

Vanquished Creatures
  2 wraiths (D:7)
  2 orc warriors
  3 ice beasts
  2 sky beasts (D:7)
  An ogre (D:6)
  2 centaurs (D:6)
  Blork the orc (D:5)
  A kobold brigand (D:6)
  2 bullfrogs
  A necrophage (D:6)
  4 scorpions
  3 wights (D:7)
  A howler monkey (D:6)
  A crimson imp (D:6)
  2 hounds
  3 jellies
  A gnoll bouda (D:6)
  Terence (D:2)
  Natasha (thrice) (D:1)
  3 iguanas
  5 orc wizards
  5 gnolls (D:6)
  7 adders
  A white imp (D:6)
  2 ufetubi
  2 worms
  A dart slug (D:4)
  27 orcs
  4 bats (D:1)
  6 endoplasms
  4 giant cockroaches
  9 goblins
  7 hobgoblins
  6 jackals
  17 kobolds
  4 quokkas
  3 ball pythons (D:1)
  3 frilled lizards
  4 rats
156 creatures vanquished.

Notes
Turn   | Place    | Note
-------+----------+-------------------------------------------
     0 | D:1      | Destapler the Hill Orc Berserker began the quest for the
                  | Orb.
     0 | D:1      | Reached XP level 1. HP: 19/19 MP: 1/1
   145 | D:1      | Reached XP level 2. HP: 21/27 MP: 2/2
   619 | D:1      | Reached XP level 3. HP: 33/33 MP: 3/3
   968 | D:2      | Noticed Natasha
   983 | D:1      | Killed Natasha
  1162 | D:1      | Noticed Natasha
  1170 | D:1      | Killed Natasha
  1171 | D:1      | Reached skill level 1 in Stealth
  1171 | D:1      | Reached skill level 1 in Shields
  1171 | D:1      | Reached XP level 4. HP: 40/40 MP: 4/4
  1627 | D:1      | Noticed Natasha
  1633 | D:1      | Killed Natasha
  1634 | D:1      | Reached skill level 1 in Evocations
  1638 | D:1      | Gained mutation: Your spells are a little easier to cast,
                  | but a little less powerful. [potion of mutation]
  1638 | D:1      | Gained mutation: You are partially covered in iridescent
                  | scales. (AC +2) [potion of mutation]
  1638 | D:1      | Gained mutation: You do not regenerate when monsters are
                  | visible. [potion of mutation]
  1638 | D:1      | Gained mutation: Your flesh is heat resistant. (rF+)
                  | [potion of mutation]
  1639 | D:1      | Lost mutation: Your spells are a little easier to cast, but
                  | a little less powerful. [potion of mutation]
  1639 | D:1      | Lost mutation: You do not regenerate when monsters are
                  | visible. [potion of mutation]
  1639 | D:1      | Lost mutation: Your flesh is heat resistant. (rF+) [potion
                  | of mutation]
  1639 | D:1      | Gained mutation: You are agile. (Dex +4, Str/Int -1)
                  | [potion of mutation]
  1639 | D:1      | Gained mutation: You are occasionally teleported next to
                  | monsters. [potion of mutation]
  1962 | D:2      | Noticed Terence
  1978 | D:2      | Killed Terence
  1979 | D:2      | Reached skill level 5 in Axes
  1979 | D:2      | Reached skill level 1 in Throwing
  1979 | D:2      | Reached XP level 5. HP: 42/47 MP: 5/5
  2151 | D:2      | Found a faded altar of an unknown god.
  2576 | D:2      | Reached ** piety under Trog
  3291 | D:3      | Found a blossoming altar of Fedhas.
  3419 | D:3      | Found an ancient bone altar of Kikubaaqudgha.
  3669 | D:3      | Found a stormy altar of Qazlal.
  3670 | D:3      | Noticed a fire elemental
  3671 | D:3      | Noticed a water elemental
  3672 | D:3      | Noticed an air elemental
  3974 | D:3      | Found an iron altar of Okawaru.
  4113 | D:3      | Reached XP level 6. HP: 53/55 MP: 6/6
  5549 | D:4      | Reached skill level 5 in Fighting
  5702 | D:4      | Found a shimmering blue altar of Sif Muna.
  5785 | D:4      | Found a bloodstained altar of Trog.
  5786 | D:4      | Found an ornate altar of the Wu Jian Council.
  6272 | D:5      | Entered Level 5 of the Dungeon
  6284 | D:5      | Noticed Blork the orc
  6298 | D:5      | Killed Blork the orc
  6299 | D:5      | Reached skill level 6 in Axes
  6301 | D:5      | Reached XP level 7. HP: 38/61 MP: 7/7
  6495 | D:5      | Reached *** piety under Trog
  6826 | D:5      | Found a sacrificial altar of Ru.
  7285 | D:6      | Reached XP level 8. HP: 69/69 MP: 8/8
  8552 | D:6      | Lost mutation: You are agile. (Dex +4, Str/Int -1) [potion
                  | of mutation]
  8552 | D:6      | Lost mutation: You are partially covered in iridescent
                  | scales. (AC +2) [potion of mutation]
  8552 | D:6      | Lost mutation: You are occasionally teleported next to
                  | monsters. [potion of mutation]
  8552 | D:6      | Gained mutation: You are robust. (+10% HP) [potion of
                  | mutation]
  8552 | D:6      | Gained mutation: You have hidden genetic potential. [potion
                  | of mutation]
  8552 | D:6      | Gained mutation: Your muscles are strong. (Str +4, Int/Dex
                  | -1) [potion of mutation]
  8552 | D:6      | Gained mutation: You have a pair of small antennae on your
                  | head. [potion of mutation]
  8755 | D:6      | Reached skill level 7 in Axes
  8981 | D:6      | Found a burning altar of Makhleb.
  9526 | D:6      | Reached XP level 9. HP: 81/84 MP: 9/9
 10688 | D:7      | Found a staircase to the Ecumenical Temple.
 10900 | D:7      | Reached **** piety under Trog
 10921 | D:7      | Reached skill level 5 in Shields
 10990 | D:7      | Reached skill level 5 in Armour
 10993 | D:7      | Gained mutation: You have sharp toenails. [hidden
                  | potential]
 11203 | D:7      | Reached skill level 8 in Axes
 11244 | D:7      | Found the +5 scythe "Finisher" {speed, eviscerate}
 11249 | D:7      | Noticed a skeletal warrior
 11256 | D:7      | Slain by a skeletal warrior

Illustrated notes

Levels and vault maps discovered:
D:1:      kennysheep_arrival_seaside, layout_loops_ring, chequers_mini_garden
D:2:      layout_loops_ring, hellmonk_ecumenical_altar_zigzags, st_stairs_7,
          uniq_natasha, uniq_terence
D:3:      layout_loops_cross, nicolae_qazlal_style_of_elements,
          okawaru_ov_weapons_minmay, lemuel_round_altar, fedhas_altar_fruit_tree
D:4:      layout_basic, nicolae_sif_muna_condensation,
          gammafunk_temple_overflow_pools, roderic_roman_lattice,
          minmay_manual_mess
D:5:      layout_basic, kennysheep_mini, uniq_blork_the_orc
D:6:      layout_gridville, makhleb_grotto_becter, corexii_corridor_pit,
          kennysheep_boxes
D:7:      layout_basic, minmay_temple_entry_trees,
          minmay_guarded_unrand_finisher

Skill      XL: |  1  2  3  4  5  6  7  8  9 |
---------------+----------------------------+-----
Fighting       | 4 5 6 7 |  7.4
Stealth        | 1 2 3 |  3.0
Shields        | 1 3 4 5 |  5.0
Evocations     | 1 2 3 4 |  4.5
Axes           | 5 6 7 8 |  8.3
Throwing       | 1 2 3 4 |  4.0
Dodging        | 2 3 |  3.0
Armour         | 3 4 5 |  5.0

Action                   |  1- 3 |  4- 6 |  7- 9 || total
-------------------------+-------+-------+-------++-------
Melee: Hand axe          |    63 |   215 |    75 ||   353
       Punch             |       |       |     1 ||     1
       Battleaxe         |       |       |   238 ||   238
Throw: Stone             |       |    16 |     1 ||    17
       Boomerang         |       |       |     1 ||     1
Invok: Berserk           |     2 |     5 |    10 ||    17
  Use: Potion            |       |     2 |     1 ||     3
       Scroll            |       |     9 |     5 ||    14
 Stab: Sleeping          |     1 |     6 |     2 ||     9
Armor: Animal skin       |    11 |    41 |       ||    52
       Robe              |       |    11 |    71 ||    82
       Chain mail        |       |       |    74 ||    74
Dodge: Dodged            |    48 |   119 |   191 ||   358

Table legend: (Time is in decaauts)
 A = Elapsed time spent in this place.
 B = Non-inter-level travel time spent in this place.
 C = Inter-level travel time spent in this place.
 D = Time resting spent in this place.
 E = Time spent auto-exploring this place.
 F = Levels seen in this place.
 G = Mean time per level.
                   A        B        C        D        E       F      G
               +--------+--------+--------+--------+--------+-----+--------+
         Total |  11482 |  10454 |   1028 |   1523 |   7355 |   7 | 1640.3 |
       Dungeon |  11482 |  10454 |   1028 |   1523 |   7355 |   7 | 1640.3 |
               +--------+--------+--------+--------+--------+-----+--------+

Top non-repeatable levels by time:
     D:6: 2617 daAuts
     D:1: 2089 daAuts
     D:4: 1628 daAuts
     D:2: 1544 daAuts
     D:3: 1287 daAuts
     D:7: 1233 daAuts
     D:5: 1083 daAuts
